AoeStats
← BlackRefresher

Fortress

508281772Analyzed
3v3 RM · 10d ago on Sep 21, 2026· 34m 32s· 6 players
Game mode
Random Map
Map size
Large (8 player)
Population
200
Speed
Normal
Resources
Standard
Victory
Conquest
Starting age
Dark Age
Ending age
Imperial Age
RankedLock teamsTeams togetherTeam positionsShared explorationLock speedFull tech treeHidden civsTurbo modeCheats
Victory
Defeat
🇩🇪 Romans · Germany
1181
+14
🇩🇪 Italians · Germany
1177
+14
🇩🇪 Goths · Germany
1169
+14
🇦🇹 Khmer · Austria
1171
-16
🇩🇪 Celts · Germany
1119
-13
🇩🇪 Berbers · Germany
1097
-13
BlackRefresher
0:57 Loom
7:54 Feudal Age
11:27 Double-Bit Axe
13:45 Castle Age
11:42 Horse Collar
13:30 Wheelbarrow
16:13 Hand Cart
16:57 Bow Saw
17:57 Gold Mining
22:25 Husbandry
23:02 Forging
23:54 Scale Barding Armor
24:29 Bloodlines
29:34 Imperial Age
27:06 Heavy Plow
27:49 Chain Barding Armor
28:32 Iron Casting
29:59 Stone Mining
31:18 Blast Furnace
30:54 Plate Barding Armor
29:43 Elite Centurion
32:11 Conscription
32:18 Town Watch
33:27 Ballistas
34:37 Gold Shaft Mining
redrock
2:11 Loom
9:01 Feudal Age
15:02 Castle Age
14:08 Scale Mail Armor
14:18 Forging
13:31 Man-at-Arms
14:42 Double-Bit Axe
14:41 Horse Collar
15:07 Long Swordsman
15:49 Squires
20:32 Wheelbarrow
21:35 Squires
23:11 Chain Mail Armor
23:32 Iron Casting
30:38 Pikeman
36:23 Imperial Age
venOx
9:48 Feudal Age
8:28 Loom
10:28 Double-Bit Axe
10:26 Horse Collar
13:34 Castle Age
11:36 Gold Mining
12:35 Fletching
12:45 Padded Archer Armor
15:26 Bow Saw
19:55 Heavy Plow
24:33 Imperial Age
23:00 Wheelbarrow
23:43 Stone Mining
24:17 Fortified Wall
24:28 Ballistics
24:08 Bodkin Arrow
24:30 Leather Archer Armor
25:00 Masonry
25:08 Town Watch
26:32 Chemistry
25:56 Conscription
27:05 Bracer
27:21 Masonry
29:19 Hand Cart
29:42 Elite Genoese Crossbowman
33:13 Architecture
33:30 Hoardings
tachilo
5:48 Loom
8:39 Feudal Age
12:44 Castle Age
11:11 Fletching
11:09 Town Watch
11:34 Double-Bit Axe
11:51 Horse Collar
14:35 Wheelbarrow
14:25 Heavy Plow
18:42 Bow Saw
26:14 Imperial Age
25:13 Ballistics
24:34 Treadmill Crane
26:03 Bodkin Arrow
26:09 Padded Archer Armor
27:40 Maghrebi Camels
28:14 Elite Camel Archer
29:18 Bracer
29:33 Leather Archer Armor
29:43 Bloodlines
29:34 Husbandry
31:06 Crop Rotation
31:19 Heavy Camel Rider
32:20 Light Cavalry
33:26 Kasbah
33:46 Conscription
Babo G
7:16 Feudal Age
11:04 Castle Age
9:37 Double-Bit Axe
11:19 Wheelbarrow
10:38 Horse Collar
13:24 Loom
28:38 Imperial Age
27:08 Pikeman
28:09 Hand Cart
27:41 Light Cavalry
28:32 Bloodlines
28:40 Heavy Plow
28:54 Bow Saw
28:39 Gold Mining
28:49 Stone Mining
29:30 Scale Barding Armor
29:38 Forging
30:01 Conscription
30:38 Double Crossbow
31:14 Husbandry
31:37 Chain Barding Armor
31:09 Fletching
31:58 Iron Casting
31:47 Ballistics
31:34 Heavy Scorpion
33:39 Plate Barding Armor
34:34 Blast Furnace
vissel28
8:46 Feudal Age
7:03 Loom
13:06 Castle Age
11:46 Double-Bit Axe
12:19 Forging
16:56 Horse Collar
17:32 Scale Mail Armor
17:48 Gold Mining
18:47 Wheelbarrow
33:48 Fletching
Connection lost

Rejoining the realm…

Still unreachable

The connection could not be restored.

Session expired

The server has moved on; the page needs a fresh start.